 Dungeon Crawl Stone Soup version 0.28-a0-1510-gd0f6b136d3 (webtiles) character file.

Game seed: 6075042057793185413

2371 Gargoyl the Skirmisher (level 9, -29/74 HPs)
             Began as a Gnoll Abyssal Knight on Jan 15, 2022.
             Was a Priest of Lugonu.
             Killed from afar by Maggie (46 damage)
             ... with a bolt of fire
             ... on level 6 of the Dungeon.
             The game lasted 00:09:25 (7758 turns).

Gargoyl the Skirmisher (Gnoll Abyssal Knight)       Turns: 7758, Time: 00:09:29

Health: -29/74     AC: 23    Str: 20    XL:     9   Next: 45%
Magic:  15/15      EV:  4    Int: 11    God:    Lugonu [***...]
Gold:   323        SH:  0    Dex: 12    Spells: 16/16 levels left

rFire   x . .      SeeInvis .   m - +3 flail (holy)
rCold   . . .      Faith    .   (no shield)
rNeg    . . .      Spirit   .   h - +0 crystal plate armour of Makhleb's Esteem {Harm rF- Will+ Str+4}
rPois   .          Reflect  .   (no helmet)
rElec   .          Harm     +   c - +1 cloak
rCorr   .          Rampage  .   g - +0 pair of gloves
Will    +....                   f - +1 pair of boots
Stlth   ..........              (no amulet)
HPRegen 0.22/turn               (no ring)
MPRegen 0.14/turn               (no ring)

@: no status effects
A: fangs 1, strong nose, distributed training
a: Renounce Religion, Depart the Abyss, Bend Space, Banish


You were on level 6 of the Dungeon.
You worshipped Lugonu.
Lugonu was most pleased with you.
You visited 1 branch of the dungeon, and saw 6 of its levels.
You visited the Abyss 1 time.

You collected 323 gold pieces.

Inventory:

Hand Weapons
 a - a +1 hand axe
 m - a +3 flail of holy wrath (weapon)
Missiles
 n - 7 poisoned darts
Armour
 c - a +1 cloak (worn)
 f - a +1 pair of boots (worn)
 g - a +0 pair of gloves (worn)
 h - the +0 crystal plate armour of Makhleb's Esteem (worn) {Harm rF- Will+ Str+4}
   (You acquired it on level 3 of the Dungeon)

   Str:       It affects your strength (+4).
   rF:        It makes you vulnerable to fire.
   Harm:      It increases damage dealt and taken.
   Will:      It increases your willpower.
Wands
 d - a wand of flame (21)
Scrolls
 b - 2 scrolls of teleportation
 i - 4 scrolls of identify
 j - a scroll of fear {unknown}
 q - 2 scrolls of enchant weapon {unknown}
 r - a scroll of fog
 t - a scroll of vulnerability {unknown}
Potions
 k - a potion of lignification
 l - 2 potions of haste
 o - a potion of curing
 p - 2 potions of flight {unknown}
 s - a potion of might {unknown}


   Skills:
 + Level 7.9 Fighting
 + Level 4.2 Short Blades
 + Level 4.2 Long Blades
 + Level 6.3 Axes
 + Level 4.2 Maces & Flails
 + Level 4.2 Polearms
 + Level 4.2 Staves
 + Level 4.2 Slings
 + Level 4.2 Bows
 + Level 4.2 Crossbows
 + Level 4.2 Throwing
 + Level 6.3 Armour
 + Level 5.0 Dodging
 + Level 4.2 Stealth
 + Level 4.2 Shields
 + Level 4.2 Unarmed Combat
 + Level 4.2 Spellcasting
 + Level 3.5 Conjurations
 + Level 3.5 Hexes
 + Level 3.5 Summonings
 + Level 3.5 Necromancy
 + Level 3.5 Translocations
 + Level 3.5 Transmutations
 + Level 3.5 Fire Magic
 + Level 3.5 Ice Magic
 + Level 3.5 Air Magic
 + Level 3.5 Earth Magic
 + Level 3.5 Poison Magic
 + Level 6.6 Invocations
 + Level 4.2 Evocations


You had 16 spell levels left.
You didn't know any spells.
Your spell library contained the following spells:

 Spells                   Type           Power      Damage    Failure   Level
 Blink                    Tloc           20%        N/A       100%        2
 Ensorcelled Hibernation  Hex/Ice        20%        N/A       100%        2
 Spider Form              Tmut/Pois      10%        N/A       100%        3
 Anguish                  Hex/Necr       5%         N/A       100%        4
 Manifold Assault         Tloc           10%        N/A       100%        5
 Storm Form               Tmut/Air       5%         N/A       100%        7


Dungeon Overview and Level Annotations

Branches:
Dungeon (6/15)
 Temple: D:4-7

Altars:
Ashenzari
Okawaru
Wu Jian

Shops:
D:6 =[

Annotations:
D:6 Maggie


Innate Abilities, Weirdness & Mutations

You have very sharp teeth.
Your uncanny sense of smell can sniff out nearby items.
Your experience applies equally to all skills.


Message History

The hound bites you but does no damage.
Maggie mumbles some strange words.
Maggie attempts to bespell you!
You are mesmerised by Maggie!
The hound bites you but does no damage.
Unknown command.
You hit Maggie.
Maggie is severely wounded.
Maggie gestures wildly while chanting.
Maggie draws you further into her thrall.
The hound bites you but does no damage.
Maggie hits you with a +0 long sword of flaming!
* * * LOW HITPOINT WARNING * * *
Maggie burns you.
* * * LOW HITPOINT WARNING * * *
Unknown command.
You hit Maggie but do no damage.
Maggie is severely wounded.
The hound bites you but does no damage. Maggie hits you but does no damage.
The hound bites you but does no damage.
Unknown command.
You feel better.
Maggie says, "Fear not.
I will immortalize you in the tale of my first kill."
Maggie hits you but does no damage. The hound barely misses you.
Maggie gestures wildly while chanting.
Maggie draws you further into her thrall.
The hound barely misses you.
It was a potion of cancellation.
Your magical effects are unravelling.
You feel magically purged.
You feel less wooden.
Your +1 cloak unmelds from your body.
Your +0 pair of gloves unmelds from your body.
Your +1 pair of boots unmelds from your body.
The +0 crystal plate armour of Makhleb's Esteem {Harm rF- Will+ Str+4} unmelds from your body.
You break out of your daze.
Maggie casts a spell at you. The bolt of fire hits you!!!
The fire burns you terribly!
Ouch! That really hurt!
You die...

.#### ...... ......# .......
.......## .$......### ####
#........### #..### #.........#
#....# ##..h@#...## ##..### ...
......@###...###.....### .....
......##.#.....#.......#
###..(.....##...........#.....###
.............########...##....#
......... ...# ##.####...##
..........#..# #...####...#
........# #..+∆∆ +....#....##
......#####.## #..........#


You could see Maggie (fast) and a hound.

Vanquished Creatures
  Menkaure (D:4)
  Edmund (D:5)
  Duvessa (D:6)
  2 water moccasins
  A sky beast (D:4)
  A black bear (D:5)
  An ice beast (D:5)
  2 necrophages
  3 ogres
  2 centaurs (D:6)
  A phantom (D:4)
  2 scorpions
  Dowan (D:6)
  A bullfrog zombie (D:6)
  5 hounds
  3 bullfrog skeletons
  A jelly (D:6)
  Crazy Yiuf (D:3)
  2 orc priests (D:4)
  A centaur skeleton (D:4)
  An iguana (D:5)
  Ijyb (D:4)
  An orc wizard (D:5)
  A killer bee zombie (D:6)
  8 gnolls
  3 adders
  A howler monkey skeleton (D:5)
  A worm (D:3)
  The ghost of stripedtigrrr the Sneak, a weakling OpDe (D:5)
  2 dart slugs (D:3)
  27 orcs
  9 ball pythons
  4 bats
  4 endoplasms
  3 giant cockroaches
  7 goblins
  5 hobgoblins
  6 kobolds
  2 quokkas
  4 frilled lizards
  A quokka skeleton (D:4)
  8 rats
133 creatures vanquished.

Notes
Turn   | Place    | Note
-------+----------+-------------------------------------------
     0 | Abyss:1  | Gargoyl the Gnoll Abyssal Knight began the quest for the
                  | Orb.
     0 | Abyss:1  | Reached XP level 1. HP: 23/23 MP: 3/3
     9 | D:1      | Escaped the Abyss
    93 | D:1      | Reached XP level 2. HP: 18/29 MP: 5/5
   598 | D:1      | Reached * piety under Lugonu
  1005 | D:1      | Found a faded altar of an unknown god.
  1608 | D:2      | Reached XP level 3. HP: 35/35 MP: 6/6
  2293 | D:3      | Identified a scroll of acquirement
  2293 | D:3      | Acquired the +0 crystal plate armour of Makhleb's Esteem
                  | {Harm rF- Will+ Str+4}
  2355 | D:3      | Reached skill level 1 in Short Blades
  2355 | D:3      | Reached skill level 1 in Long Blades
  2355 | D:3      | Reached skill level 1 in Maces & Flails
  2355 | D:3      | Reached skill level 1 in Polearms
  2355 | D:3      | Reached skill level 1 in Staves
  2355 | D:3      | Reached skill level 1 in Slings
  2355 | D:3      | Reached skill level 1 in Bows
  2355 | D:3      | Reached skill level 1 in Crossbows
  2355 | D:3      | Reached skill level 1 in Throwing
  2355 | D:3      | Reached skill level 1 in Stealth
  2355 | D:3      | Reached skill level 1 in Shields
  2355 | D:3      | Reached skill level 1 in Unarmed Combat
  2355 | D:3      | Reached skill level 1 in Spellcasting
  2355 | D:3      | Reached skill level 1 in Evocations
  2544 | D:3      | Reached XP level 4. HP: 32/41 MP: 7/7
  2751 | D:3      | Found a runed translucent door.
  2752 | D:3      | Noticed Crazy Yiuf
  3087 | D:3      | Reached skill level 1 in Conjurations
  3087 | D:3      | Reached skill level 1 in Hexes
  3087 | D:3      | Reached skill level 1 in Summonings
  3087 | D:3      | Reached skill level 1 in Necromancy
  3087 | D:3      | Reached skill level 1 in Translocations
  3087 | D:3      | Reached skill level 1 in Transmutations
  3087 | D:3      | Reached skill level 1 in Fire Magic
  3087 | D:3      | Reached skill level 1 in Ice Magic
  3087 | D:3      | Reached skill level 1 in Air Magic
  3087 | D:3      | Reached skill level 1 in Earth Magic
  3087 | D:3      | Reached skill level 1 in Poison Magic
  3376 | D:3      | Paralysed by Crazy Yiuf for 5 turns
  3380 | D:3      | HP: 3/61 [poisoned by Crazy Yiuf]
  3388 | D:3      | Killed Crazy Yiuf
  3388 | D:3      | Reached ** piety under Lugonu
  3389 | D:3      | Reached XP level 5. HP: 13/47 MP: 8/8
  3712 | D:4      | Noticed a necrophage
  3715 | D:4      | Reached skill level 5 in Invocations
  3715 | D:4      | Reached XP level 6. HP: 53/53 MP: 9/9
  3733 | D:4      | Killed a necrophage
  3734 | D:4      | Reached skill level 5 in Axes
  3734 | D:4      | Reached skill level 5 in Armour
  3956 | D:4      | Noticed Ijyb
  4288 | D:4      | Killed Ijyb
  4405 | D:4      | Reached skill level 7 in Fighting
  4405 | D:4      | Reached XP level 7. HP: 27/60 MP: 10/10
  4600 | D:4      | Noticed Menkaure
  4612 | D:4      | Killed Menkaure
  5485 | D:4      | Reached XP level 8. HP: 59/67 MP: 12/12
  5814 | D:5      | Entered Level 5 of the Dungeon
  5936 | D:5      | Noticed Edmund
  5952 | D:5      | Killed Edmund
  6147 | D:5      | Reached *** piety under Lugonu
  6204 | D:5      | Found an ornate altar of the Wu Jian Council.
  6205 | D:5      | Found an iron altar of Okawaru.
  6297 | D:5      | Found a large runed translucent door.
  6297 | D:5      | Found a large runed translucent door.
  6300 | D:5      | Noticed stripedtigrrr's ghost (weakling OpDe)
  6368 | D:5      | Found a broken altar of Ashenzari.
  6869 | D:5      | Reached XP level 9. HP: 73/73 MP: 14/14
  6912 | D:5      | Killed stripedtigrrr's ghost
  6944 | D:6      | Noticed Duvessa
  6945 | D:6      | Noticed Dowan
  6950 | D:6      | Killed Duvessa
  6956 | D:6      | Killed Dowan
  7416 | D:6      | Found Qoottupp's Jewellery Shop.
  7435 | D:6      | Found Gonafab's Antique Armour Boutique.
  7480 | D:6      | Reached skill level 5 in Dodging
  7744 | D:6      | Noticed Maggie
  7758 | D:6      | Killed from afar by Maggie

Illustrated notes

Levels and vault maps discovered:
D:1:      nzn_arrival_depleted_hourglass, layout_basic,
          shapermc_ecumenical_altar_ellora, minivault_25
D:2:      layout_basic, minmay_misc_feat_roman, grunt_decor_one_mirror
D:3:      layout_loops_ring, uniq_crazy_yiuf_cottage
D:4:      layout_basic, uniq_menkaure, uniq_ijyb
D:5:      layout_gridville, nicolae_ashenzari_skybound,
          mainiacjoe_overflow_divided_tiny, ebering_ghost_disaster_area,
          uniq_edmund
D:6:      layout_cave_pools, serial_shops, shop, kennysheep_little_box, shop,
          hangedman_decor_growths, uniq_duvessa, uniq_sigmund, uniq_maggie

Skill      XL: |  1  2  3  4  5  6  7  8  9 |
---------------+----------------------------+-----
Short Blades   | 1 2 3 4 |  4.2
Long Blades    | 1 2 3 4 |  4.2
Maces & Flails | 1 2 3 4 |  4.2
Polearms       | 1 2 3 4 |  4.2
Staves         | 1 2 3 4 |  4.2
Slings         | 1 2 3 4 |  4.2
Bows           | 1 2 3 4 |  4.2
Crossbows      | 1 2 3 4 |  4.2
Throwing       | 1 2 3 4 |  4.2
Stealth        | 1 2 3 4 |  4.2
Shields        | 1 2 3 4 |  4.2
Unarmed Combat | 1 2 3 4 |  4.2
Spellcasting   | 1 2 3 4 |  4.2
Evocations     | 1 2 3 4 |  4.2
Conjurations   | 1 2 3 |  3.5
Hexes          | 1 2 3 |  3.5
Summonings     | 1 2 3 |  3.5
Necromancy     | 1 2 3 |  3.5
Translocations | 1 2 3 |  3.5
Transmutations | 1 2 3 |  3.5
Fire Magic     | 1 2 3 |  3.5
Ice Magic      | 1 2 3 |  3.5
Air Magic      | 1 2 3 |  3.5
Earth Magic    | 1 2 3 |  3.5
Poison Magic   | 1 2 3 |  3.5
Dodging        | 3 4 5 |  5.0
Invocations    | 5 6 |  6.6
Axes           | 5 6 |  6.3
Armour         | 5 6 |  6.3
Fighting       | 7 |  7.9

Action                   |  1- 3 |  4- 6 |  7- 9 || total
-------------------------+-------+-------+-------++-------
Melee: Hand axe          |    80 |   132 |    96 ||   308
       Bite              |     4 |    10 |    28 ||    42
       Punch             |     1 |     3 |     3 ||     7
       Flail             |       |       |   134 ||   134
Throw: Dart              |       |     2 |     9 ||    11
Invok: Depart the Abyss  |     1 |       |       ||     1
Evoke: Wand              |       |       |     1 ||     1
  Use: Scroll            |     3 |     2 |     4 ||     9
       Potion            |       |     5 |     3 ||     8
 Stab: Invisible         |       |     1 |       ||     1
Armor: Leather armour    |     9 |       |       ||     9
       Crystal plate arm |    26 |    78 |   291 ||   395
       Ring mail         |     8 |       |       ||     8
       Skin              |       |    63 |     8 ||    71
Dodge: Dodged            |    34 |    11 |    50 ||    95

Table legend: (Time is in decaauts)
 A = Elapsed time spent in this place.
 B = Non-inter-level travel time spent in this place.
 C = Inter-level travel time spent in this place.
 D = Time resting spent in this place.
 E = Time spent auto-exploring this place.
 F = Levels seen in this place.
 G = Mean time per level.
                   A        B        C        D        E       F      G
               +--------+--------+--------+--------+--------+-----+--------+
         Total |   7784 |   7676 |    108 |    633 |   5778 |   7 | 1112.0 |
       Dungeon |   7775 |   7667 |    108 |    633 |   5770 |   6 | 1295.8 |
         Abyss |      9 |      9 |      0 |      0 |      8 |   1 |    9.0 |
               +--------+--------+--------+--------+--------+-----+--------+

Top non-repeatable levels by time:
     D:3: 1857 daAuts
     D:4: 1651 daAuts
     D:1: 1339 daAuts
     D:5: 1134 daAuts
     D:2: 956 daAuts
     D:6: 836 daAuts
 Abyss:1: 9 daAuts
